 Dungeon Crawl Stone Soup version 0.24.0-123-gd5b16e6ec5 (webtiles) character file.

Game seed: 5980710437099952253, levelgen mode: deterministic

401 Delamore the Cleaver (level 6, -1/51 HPs)
             Began as a Hill Orc Fighter on Dec 28, 2019.
             Was an Initiate of Okawaru.
             Slain by Menkaure (15 damage)
             ... on level 4 of the Dungeon.
             The game lasted 00:03:40 (2951 turns).

Delamore the Cleaver (Hill Orc Fighter)             Turns: 2951, Time: 00:03:41

Health: -1/51      AC: 13    Str: 21    XL:     6   Next: 85%
Magic:  6/6        EV:  3    Int:  8    God:    Okawaru [......]
Gold:   147        SH:  9    Dex: 10    Spells: 5/5 levels left

rFire    . . .     SeeInvis .   a - +0 war axe
rCold    . . .     Gourm    .   c - +0 shield
rNeg     . . .     Faith    .   o - +0 plate armour
rPois    .         Spirit   .   q - +2 hat
rElec    .         Reflect  .   (no cloak)
rCorr    .         Harm     .   (no gloves)
MR       +....                  (no boots)
Stlth    ..........             j - amulet of magic regeneration
HPRegen  0.17/turn              (no ring)
MPRegen  0.35/turn              h - ring of protection from magic

@: no status effects
A: no striking features
a: Renounce Religion


You were on level 4 of the Dungeon.
You worshipped Okawaru.
Okawaru was noncommittal.
You were not hungry.

You visited 1 branch of the dungeon, and saw 4 of its levels.

You collected 147 gold pieces.

Inventory:

Hand Weapons
 a - a +0 war axe (weapon)
Missiles
 l - 2 silver boomerangs (quivered)
Armour
 c - a +0 shield (worn)
 o - a +0 plate armour (worn)
 q - a +2 hat (worn)
Jewellery
 e - a +4 ring of strength {unknown}
 h - a ring of protection from magic (right hand)
 j - an amulet of magic regeneration (around neck)
Wands
 m - a wand of iceblast (15)
Scrolls
 b - a scroll of blinking {unknown}
 g - a scroll of enchant armour {unknown}
 n - a scroll of immolation {unknown}
 r - 2 scrolls of identify {unknown}
 u - a scroll of teleportation {unknown}
Potions
 d - a potion of might
 i - a potion of magic {unknown}
 k - a potion of haste {unknown}
 s - a potion of curing {unknown}
Comestibles
 f - 6 rations


   Skills:
 - Level 3.6 Fighting
 + Level 9.3 Axes
 - Level 3.2 Armour
 - Level 3.2 Shields


You had 5 spell levels left.
You didn't know any spells.
Your spell library was empty.

Dungeon Overview and Level Annotations

Branches:
Dungeon (4/15)
 Temple: D:4-7

Altars:
Fedhas
Makhleb
Okawaru
Ru
Zin

Annotations:
D:4 Menkaure


Message History

Menkaure seems to speed up.
Menkaure is nearby!
Menkaure calls on the powers of darkness!
Your body is wracked with pain!
You block Menkaure's attack.
You slash Menkaure!
Menkaure is heavily damaged.
You block Menkaure's attack.
Your shield and plate armour prevent you from hitting Menkaure.
Menkaure is heavily damaged.
Menkaure hits you. Menkaure hits you!
* * * LOW HITPOINT WARNING * * *
You are too injured to fight recklessly!
You are too injured to fight recklessly!
You are too injured to fight recklessly!
You are too injured to fight recklessly!
Your plate armour prevents you from hitting Menkaure.
Menkaure is heavily damaged.
Menkaure hits you!
You die...

###
..#
#.#
#.#
#.#
#M#
#@#
#.#
#.#
#.#
#.#
#.#
#.#
#.#
#.#


You could see Menkaure.

Vanquished Creatures
  An ogre (D:2)
  A howler monkey (D:4)
  An orc priest (D:4)
  3 orc wizards
  A worker ant (D:4)
  4 adders
  An ooze (D:3)
  An adder skeleton (D:4)
  3 worms
  3 leopard geckos
  10 orcs
  8 bats
  5 giant cockroaches
  10 goblins
  11 hobgoblins
  4 jackals (D:3)
  3 kobolds
  3 ball pythons
  7 frilled lizards
  6 rats
86 creatures vanquished.

Notes
Turn   | Place    | Note
-------+----------+-------------------------------------------
     0 | D:1      | Delamore the Hill Orc Fighter began the quest for the Orb.
     0 | D:1      | Reached XP level 1. HP: 19/19 MP: 1/1
    37 | D:1      | Reached skill level 3 in Axes
    91 | D:1      | Reached XP level 2. HP: 25/26 MP: 2/2
   110 | D:1      | Reached skill level 4 in Axes
   554 | D:2      | Reached XP level 3. HP: 30/31 MP: 3/3
   615 | D:2      | Noticed an ogre
   621 | D:2      | Killed an ogre
   621 | D:2      | Reached skill level 6 in Axes
   621 | D:2      | Reached XP level 4. HP: 6/39 MP: 4/4
   960 | D:2      | Reached XP level 5. HP: 45/45 MP: 5/5
  1071 | D:2      | Found an iron altar of Okawaru.
  1213 | D:2      | Became a worshipper of Warmaster Okawaru
  1301 | D:2      | Found a sacrificial altar of Ru.
  1321 | D:2      | Reached skill level 7 in Axes
  1375 | D:2      | Found a faded altar of an unknown god.
  1903 | D:3      | Found a blossoming altar of Fedhas.
  1965 | D:3      | Found a glowing silver altar of Zin.
  1967 | D:3      | Found a burning altar of Makhleb.
  2034 | D:3      | Reached skill level 8 in Axes
  2034 | D:3      | Reached XP level 6. HP: 29/51 MP: 6/6
  2659 | D:4      | Reached skill level 9 in Axes
  2944 | D:4      | Noticed Menkaure
  2951 | D:4      | Slain by Menkaure

Levels and vault maps discovered:
D:1:      lemuel_arrival_tunnels, layout_basic
D:2:      layout_loops_ring, lemuel_round_altar,
          nicolae_ru_great_annihilating_truth,
          chequers_ecumenical_altar_simple_redux
D:3:      layout_basic, grunt_temple_overflow_open, lemuel_statue_altar
D:4:      layout_basic, uniq_menkaure

Skill      XL: |  1  2  3  4  5  6 |
---------------+-------------------+-----
Axes           | 3 4 6 8 9 |  9.3
Fighting       | |  3.6
Armour         | |  3.2
Shields        | |  3.2

Action                   |  1- 3 |  4- 6 || total
-------------------------+-------+-------++-------
Melee: War axe           |    61 |   196 ||   257
 Stab: Paralysed         |       |     1 ||     1
  Eat: Chunk             |       |     7 ||     7
Armor: Scale mail        |    39 |    26 ||    65
       Plate armour      |       |   110 ||   110
Dodge: Dodged            |    29 |    44 ||    73
Block: Shield            |    39 |    90 ||   129
